 Dungeon Crawl Stone Soup version 0.25.1-8-g42b30a86e7 (webtiles) character file.

Game seed: 2387147963376572032

6685 Clowww109 the Cleaver (level 11, -13/95 HPs)
             Began as a Hill Orc Fighter on Dec 19, 2020.
             Was a Priest of Trog.
             Killed from afar by Erica (22 damage)
             ... with a lance of force
             ... on level 11 of the Dungeon.
             The game lasted 00:26:02 (9277 turns).

Clowww109 the Cleaver (Hill Orc Fighter)            Turns: 9277, Time: 00:26:02

Health: -13/95     AC: 18    Str: 23    XL:     11   Next: 3%
Magic:  11/11      EV: 10    Int:  8    God:    Trog [***...]
Gold:   637        SH: 17    Dex: 10    Spells: 10/10 levels left

rFire    x . .     SeeInvis .   a - +0 war axe
rCold    + . .     Gourm    .   c - +0 kite shield
rNeg     . . .     Faith    .   E - +2 scale mail {rPois}
rPois    +         Spirit   .   h - +0 helmet
rElec    .         Reflect  +   m - +2 cloak
rCorr    .         Harm     .   (no gloves)
MR       .....                  u - +2 pair of boots
Stlth    ..........             t - amulet of reflection
HPRegen  0.25/turn              y - ring of ice
MPRegen  0.12/turn              (no ring)

@: mighty, berserk cooldown, slowed, very slow
A: no striking features
a: Berserk, Trog's Hand, Renounce Religion


You were on level 11 of the Dungeon.
You worshipped Trog.
Trog was most pleased with you.
You were near starving.

You visited 2 branches of the dungeon, and saw 11 of its levels.

You collected 676 gold pieces.
You spent 39 gold pieces at shops.

Inventory:

Hand Weapons
 a - a +0 war axe (weapon)
Missiles
 A - 2 javelins (quivered)
Armour
 c - a +0 kite shield (worn)
 h - a +0 helmet (worn)
 m - a +2 cloak (worn)
 u - a +2 pair of boots (worn)
 E - a +2 scale mail of poison resistance (worn)
Jewellery
 j - an uncursed ring of fire
 t - an amulet of reflection (around neck)
 y - a ring of ice (left hand)
Wands
 e - a wand of flame (21)
 r - a wand of random effects (16)
 x - a wand of acid (5)
 D - a wand of enslavement (6)
Scrolls
 n - 4 scrolls of fog
 p - 3 scrolls of remove curse
 s - 3 scrolls of magic mapping
 w - a scroll of immolation
 F - a scroll of teleportation
Potions
 d - a potion of might
 g - a potion of invisibility
 i - a potion of stabbing
 k - 6 potions of curing
 l - a potion of heal wounds {unknown}
 o - 4 potions of lignification
 q - a potion of ambrosia {unknown}
 v - a potion of cancellation {unknown}
 z - a potion of brilliance {unknown}
Comestibles
 f - 13 rations


   Skills:
 + Level 8.4 Fighting
 + Level 12.7 Axes
 + Level 0.3 Throwing
 + Level 7.5 Armour
 + Level 3.5 Dodging
 + Level 1.3 Stealth
 + Level 9.9 Shields


You had 10 spell levels left.
You didn't know any spells.
Your spell library was empty.

Dungeon Overview and Level Annotations

Branches:
Dungeon (11/15)            Temple (1/1) D:4
   Lair: D:8-11         Orc: D:9-12

Altars:
Ashenzari
Cheibriados
Dithmenos
Elyvilon
Fedhas
Gozag
Hepliaklqana
Nemelex Xobeh
Okawaru
Qazlal
Ru
Trog
Vehumet
Wu Jian
Xom
Yredelemnul
Zin

Shops:
D:10 **([

Annotations:
D:11 Erica


Message History

The lance of force hits you.
* * * LOW HITPOINT WARNING * * *
You are knocked back by the lance of force.
You slam into the rock wall!
You slice something!!
You hear a zap.
You shrug off the repeated paralysis!
Your shield prevents you from hitting something.
You hear some strange, mumbled words.
A bolt of poison appears from out of thin air!
The bolt of poison hits you. You resist.
* * * LOW HITPOINT WARNING * * *
You hear a zap.
You shrug off the repeated paralysis!
The now-empty wand crumbles to dust.
You hit something.
A wraith comes into view.
You hear some strange, mumbled words.
A lance of force appears from out of thin air!
The lance of force hits you!!
You die...

## #(##
#(@#
##{##
#u.# ##<#
#....)o#
#......#
#%.###..#
.#W# >. .
.Z


You could see a red ugly thing and a wraith (wandering).

Vanquished Creatures
  Urug (D:11)
  An unseen horror (D:10)
  A deep elf mage (D:10)
  An ugly thing (D:11)
  Maggie (D:6)
  2 trolls (D:10)
  2 hornets
  2 hippogriffs
  Eustachio (D:6)
  A steam dragon (D:9)
  Menkaure (D:6)
  A hungry ghost (D:10)
  2 orc warriors
  2 black bears
  4 phantoms
  3 centaurs
  A necrophage (D:9)
  2 ogres (D:7)
  A crocodile (D:10)
  3 big kobolds
  Blork the orc (D:5)
  2 bullfrogs
  5 scorpions
  3 crimson imps
  2 hounds
  4 howler monkeys
  A jelly (D:5)
  2 orc priests
  2 orc wizards
  Terence (D:3)
  Crazy Yiuf (D:2)
  4 iguanas
  Natasha (thrice) (D:2)
  5 worker ants
  A killer bee zombie (D:10)
  3 gnolls (D:4)
  7 adders
  4 shadow imps
  2 oozes
  An adder zombie (D:6)
  3 adder skeletons
  5 worms
  A dart slug (D:1)
  4 leopard geckos
  15 orcs
  5 bats
  4 giant cockroaches
  7 goblins
  8 hobgoblins
  11 jackals
  3 quokkas
  A ball python (D:1)
  4 frilled lizards
  A hobgoblin zombie (D:11)
  17 kobolds
  A leopard gecko skeleton (D:4)
  An orc zombie (D:11)
  5 rats
183 creatures vanquished.

Notes
Turn   | Place    | Note
-------+----------+-------------------------------------------
     0 | D:1      | Clowww109 the Hill Orc Fighter began the quest for the Orb.
     0 | D:1      | Reached XP level 1. HP: 19/19 MP: 1/1
   207 | D:1      | You fall into a shaft and drop 1 floor!
   219 | D:2      | Reached XP level 2. HP: 27/27 MP: 2/2
   457 | D:2      | Reached XP level 3. HP: 24/33 MP: 3/3
   601 | D:1      | Reached skill level 3 in Axes
   801 | D:1      | Reached XP level 4. HP: 39/40 MP: 4/4
  1106 | D:2      | Noticed Natasha
  1114 | D:2      | Killed Natasha
  1142 | D:2      | Noticed Natasha
  1148 | D:2      | Killed Natasha
  1469 | D:2      | Noticed Natasha
  1477 | D:2      | Killed Natasha
  1477 | D:2      | Reached skill level 5 in Shields
  1477 | D:2      | Reached XP level 5. HP: 33/47 MP: 5/5
  1761 | D:2      | Found a runed translucent door.
  1762 | D:2      | Noticed Crazy Yiuf
  1767 | D:2      | Killed Crazy Yiuf
  1767 | D:2      | Reached skill level 4 in Axes
  1803 | D:3      | Noticed Terence
  1807 | D:3      | Killed Terence
  2153 | D:3      | Reached skill level 5 in Axes
  2153 | D:3      | Reached XP level 6. HP: 53/53 MP: 6/6
  2461 | D:4      | Noticed a phantom
  2507 | D:4      | Killed a phantom
  2767 | D:4      | Reached XP level 7. HP: 31/60 MP: 7/7
  3076 | D:4      | Reached skill level 5 in Fighting
  3076 | D:4      | Reached skill level 6 in Axes
  3330 | D:4      | Found a staircase to the Ecumenical Temple.
  3337 | Temple   | Entered the Ecumenical Temple
  3420 | Temple   | Became a worshipper of Trog the Wrathful
  3540 | D:4      | Reached skill level 1 in Dodging
  3942 | D:5      | Entered Level 5 of the Dungeon
  3977 | D:5      | Noticed Blork the orc
  3989 | D:5      | Killed Blork the orc
  4160 | D:5      | Reached skill level 7 in Axes
  4226 | D:5      | Found a snail-covered altar of Cheibriados.
  4525 | D:5      | Reached XP level 8. HP: 59/69 MP: 8/8
  4916 | D:6      | Noticed Eustachio
  4951 | D:6      | Killed Eustachio
  5108 | D:6      | Noticed Maggie
  5126 | D:6      | Killed Maggie
  5126 | D:6      | Reached skill level 8 in Axes
  5126 | D:6      | Reached skill level 5 in Armour
  5204 | D:6      | Reached skill level 1 in Stealth
  5292 | D:6      | Reached * piety under Trog
  5443 | D:6      | Reached XP level 9. HP: 69/75 MP: 9/9
  5676 | D:6      | Noticed Menkaure
  5684 | D:6      | Killed Menkaure
  5684 | D:6      | Reached skill level 9 in Axes
  5943 | D:6      | Found a hazy altar of Hepliaklqana.
  6299 | D:7      | Reached skill level 10 in Axes
  6363 | D:7      | Reached ** piety under Trog
  6434 | D:7      | You fall into a shaft and drop 3 floors!
  6434 | D:10     | Entered Level 10 of the Dungeon
  6435 | D:10     | Found Iphit's Armour Shoppe.
  6480 | D:10     | Found Zamuptev's Antique Weapon Boutique.
  6489 | D:10     | Noticed a hornet
  6500 | D:10     | Killed a hornet
  6857 | D:10     | Reached skill level 11 in Axes
  6861 | D:10     | Found Ytrie's General Store.
  6891 | D:10     | Noticed a deep elf mage
  7205 | D:10     | Noticed a troll
  7270 | D:10     | Killed an unseen horror
  7270 | D:10     | Reached XP level 10. HP: 14/86 MP: 10/10
  7679 | D:10     | Killed a deep elf mage
  7839 | D:9      | Paralysed by a hornet for 2 turns
  8147 | D:9      | Reached *** piety under Trog
  8167 | D:9      | Reached skill level 12 in Axes
  8828 | D:10     | Found Zomoemeh's Assorted Antiques.
  8836 | D:10     | Bought a scroll labeled TUMINL WILOM for 39 gold pieces
  9217 | D:11     | Noticed Urug
  9217 | D:11     | Noticed a purple ugly thing
  9223 | D:11     | Noticed Erica
  9229 | D:11     | Killed a purple ugly thing
  9243 | D:11     | Killed Urug
  9243 | D:11     | Reached XP level 11. HP: 82/95 MP: 11/11
  9258 | D:11     | Paralysed by something for 6 turns
  9270 | D:11     | Noticed a red ugly thing
  9270 | D:11     | Paralysed by something for 4 turns
  9277 | D:11     | Killed from afar by Erica

Illustrated notes

Levels and vault maps discovered:
D:1:      lordsloth_arrival_two_stooges, layout_basic
D:2:      layout_basic, uniq_natasha, uniq_crazy_yiuf_cottage
D:3:      layout_rooms, chequers_serial_rivers_small_3, uniq_terence
D:4:      layout_loops_corners, minmay_temple_entry_junction, first_ration
D:5:      layout_basic, slow_altar_1, uniq_blork_the_orc
D:6:      cheibrodos_thug_alley, layout_basic, lemuel_statue_altar,
          uniq_eustachio, uniq_menkaure, uniq_maggie
D:7:      layout_basic
D:9:      layout_long_grid
D:10:     layout_loops_cross, serial_shops, nicolae_shop_statue_plus,
          nicolae_shop_crystal, shop_statue, shop
D:11:     layout_cave_pods, zombieorc2_lemuel, basic_altar, uniq_fannar,
          uniq_sonja, uniq_erica, uniq_urug
Temple:   roderic_octagonal_lattice_temple

Skill      XL: |  1  2  3  4  5  6  7  8  9 10 |
---------------+-------------------------------+-----
Shields        | 4 5 6 7 8 9 |  9.9
Axes           | 3 5 7 8 11 12 | 12.7
Fighting       | 4 5 6 7 8 |  8.4
Armour         | 4 5 6 7 |  7.5
Dodging        | 1 2 3 |  3.5
Stealth        | 1 |  1.3
Throwing       | |  0.3

Action                   |  1- 3 |  4- 6 |  7- 9 | 10-12 || total
-------------------------+-------+-------+-------+-------++-------
Melee: War axe           |    65 |   125 |   432 |   178 ||   800
Throw: Javelin           |     1 |     6 |     2 |       ||     9
Invok: Berserk           |       |       |     2 |     1 ||     3
  Use: Scroll            |       |     9 |     5 |     5 ||    19
       Potion            |       |     1 |     2 |     1 ||     4
  Eat: Chunk             |       |     6 |    18 |     2 ||    26
       Ration            |       |       |     1 |     1 ||     2
Armor: Scale mail        |    36 |    54 |   233 |    52 ||   375
Dodge: Dodged            |    21 |    26 |   117 |    43 ||   207
Block: Kite shield       |    41 |    94 |   348 |   126 ||   609
       Reflection        |       |     1 |    13 |     9 ||    23
